 Dungeon Crawl Stone Soup version 0.23.0 (webtiles) character file.

Game seed: 14490948874792469917

214 Nygeryga the Cudgeler (level 5, -10/48 HPs)
             Began as a Minotaur Monk on Feb 10, 2019.
             Splashed by Ijyb's acid (14 damage)
             ... on level 3 of the Dungeon.
             The game lasted 00:03:22 (2586 turns).

Nygeryga the Cudgeler (Minotaur Monk)               Turns: 2586, Time: 00:03:22

Health: -10/48     AC: -2    Str: 17    XL:     5   Next: 59%
Magic:  4/4        EV: 14    Int:  7    God:
Gold:   96         SH:  0    Dex: 12    Spells: 4/4 levels left

rFire    . . .     SeeInvis .   a - +0 mace
rCold    . . .     Gourm    .   (no shield)
rNeg     . . .     Faith    .   b - +0 robe
rPois    .         Spirit   .   (helmet restricted)
rElec    .         Reflect  .   (no cloak)
rCorr    .         Harm     .   (no gloves)
MR       .....                  (no boots)
Stlth    ++........             (no amulet)
HPRegen  0.16/turn              (no ring)
MPRegen  0.09/turn              (no ring)

@: corroded
A: retaliatory headbutt, horns 2
a: no special abilities


You were on level 3 of the Dungeon.
You were not hungry.

You visited 1 branch of the dungeon, and saw 3 of its levels.

You collected 96 gold pieces.

Inventory:

Hand Weapons
 a - a +0 mace (weapon)
Armour
 b - a +0 robe (worn)
Jewellery
 p - a +2 ring of strength {unknown}
 u - an uncursed ring of positive energy {unknown}
 z - an uncursed amulet of rage {unknown}
Scrolls
 e - a scroll of noise {unknown}
 f - 3 scrolls of blinking {unknown}
 g - 5 scrolls of identify {unknown}
 h - 2 scrolls of fear {unknown}
 m - 2 scrolls of remove curse {unknown}
 s - a scroll of immolation {unknown}
 t - a scroll of teleportation {unknown}
 w - a scroll of magic mapping {unknown}
 x - a scroll of amnesia {unknown}
 y - a scroll of enchant weapon {unknown}
Potions
 d - 3 potions of curing {unknown}
 i - 2 potions of lignification {unknown}
 j - 2 potions of berserk rage {unknown}
 k - a potion of degeneration {unknown}
 l - a potion of magic {unknown}
 n - a potion of haste {unknown}
 o - a potion of ambrosia {unknown}
 q - a potion of mutation {unknown}
 r - a potion of cancellation {unknown}
 v - a potion of heal wounds {unknown}
Comestibles
 c - 4 rations


   Skills:
 + Level 5.0 Fighting
 + Level 5.2 Maces & Flails
 + Level 4.5 Dodging
 + Level 2.4 Stealth


You had 4 spell levels left.
You didn't know any spells.
Your spell library was empty.

Dungeon Overview and Level Annotations

Branches:
Dungeon (3/15)

Altars:
Trog

Annotations:
D:3 Ijyb


Innate Abilities, Weirdness & Mutations

You reflexively headbutt those who attack you in melee.
You have a pair of horns on your head.


Message History

The helpless Ijyb fails to defend herself.
You sock Ijyb!
The ooze quivers.
Your headbutt misses Ijyb.
Ijyb is moderately wounded.
Ijyb closely misses you. You furiously retaliate!
You headbutt Ijyb, but do no damage. You barely miss Ijyb.
Your headbutt misses Ijyb.
Ijyb is moderately wounded.
Ijyb zaps a wand.
The bolt of acid hits you! The acid corrodes you!
You are splashed with acid!
You closely miss Ijyb. You headbutt Ijyb, but do no damage.
Ijyb is moderately wounded.
Ijyb hits you.
You barely miss Ijyb. Your headbutt misses Ijyb.
Ijyb is moderately wounded.
Ijyb zaps a wand.
The bolt of acid hits you!
* * * LOW HITPOINT WARNING * * *
You are splashed with acid!
You die...

.... ##)....## #.#.##
#..###.......# ##...#
.............# #...##
#............# #.#.#
............## ##.#.#
..#.##.....## #..#.#
..#..#.###..# ##.##.#
.##....# #######..##.#
..#.#..# #...g@.....#
.......# #...J....?.#
.##.#....# #..........#
.................$....#
###.#.##...[..........#
# ....# ..............#
##.## ####..........#
.# ##########.. ..


You could see Ijyb and an ooze.

Vanquished Creatures
  A crimson imp (D:2)
  A hound (D:2)
  2 orc wizards
  3 gnolls (D:3)
  An ooze (D:2)
  A worm (D:3)
  A dart slug (D:1)
  A leopard gecko (D:1)
  7 orcs
  6 bats
  3 giant cockroaches
  5 goblins
  5 hobgoblins
  6 jackals
  4 kobolds
  A quokka (D:3)
  A ball python (D:1)
  A frilled lizard (D:1)
  6 rats
56 creatures vanquished.

Notes
Turn   | Place    | Note
-------+----------+-------------------------------------------
     0 | D:1      | Nygeryga the Minotaur Monk began the quest for the Orb.
     0 | D:1      | Reached XP level 1. HP: 19/19 MP: 0/0
   368 | D:1      | Reached XP level 2. HP: 27/27 MP: 1/1
   907 | D:2      | Noticed a crimson imp
   933 | D:2      | Killed a crimson imp
   933 | D:2      | Reached XP level 3. HP: 18/33 MP: 2/2
  1286 | D:2      | Reached XP level 4. HP: 41/41 MP: 3/3
  1825 | D:3      | Reached XP level 5. HP: 37/47 MP: 4/4
  1933 | D:3      | Reached skill level 5 in Maces & Flails
  2277 | D:3      | Found a bloodstained altar of Trog.
  2293 | D:3      | Reached skill level 5 in Fighting
  2580 | D:3      | Noticed Ijyb
  2586 | D:3      | Splashed by Ijyb's acid

Skill      XL: |  1  2  3  4  5 |
---------------+----------------+-----
Maces & Flails | 4 5 |  5.2
Fighting       | 4 5 |  5.0
Dodging        | 4 |  4.5
Stealth        | 2 |  2.4

Action                   |  1- 3 |  4- 6 || total
-------------------------+-------+-------++-------
Melee: Mace              |    49 |    67 ||   116
       Headbutt          |     8 |    11 ||    19
 Stab: Sleeping          |       |     2 ||     2
  Eat: Chunk             |     1 |     4 ||     5
Armor: Robe              |    12 |     7 ||    19
Dodge: Dodged            |    36 |    42 ||    78
